 Dungeon Crawl Stone Soup version 0.32-a0-391-gce5c0aab1b (webtiles) character file.

Game seed: 15042203722596600518

119 2tousent the Shooter (level 5, -1/41 HPs)
             Began as a Coglin Hunter on Feb 19, 2024.
             Slain by Robin
             ... wielding a +0 dagger
              (4 damage)
             ... on level 2 of the Dungeon.
             The game lasted 00:02:56 (1433 turns).

2tousent the Shooter (Coglin Hunter)                Turns: 1433, Time: 00:02:56

Health: -1/41      AC:  7    Str: 13    XL:     5   Next: 3%
Magic:  5/5        EV: 11    Int:  8    God:
Gold:   107        SH:  0    Dex: 18    Spells: 4/4 levels left

rFire   . . .        a - +0 shortbow {Senakhtenre}
rCold   . . .        (shield currently unavailable)
rNeg    . . .        e - +0 ring mail
rPois   .            (no helmet)
rElec   .            f - +0 cloak
rCorr   .            (no gloves)
SInv    .            d - +0 pair of boots
Will    .....        (no amulet)
Stlth   +            (no ring)
HPRegen 0.26/turn    (no ring)
MPRegen 0.09/turn

%: no passive effects
@: revved, stiff-legged, very slow
A: off-hand wielding, slow wielding, warmup strikes, warmup strides
a: no special abilities


You were on level 2 of the Dungeon.
You visited 1 branch of the dungeon, and saw 2 of its levels.

You collected 107 gold pieces.

Inventory:

Hand Weapons
 a - a +0 shortbow (weapon) {Senakhtenre}
 g - a +0 sling
Armour
 c - a +0 leather armour
 d - a +0 pair of boots (worn)
 e - a +0 ring mail (worn)
 f - a +0 cloak (worn)
Jewellery
 h - an amulet of magic regeneration
Scrolls
 b - a scroll of butterflies


   Skills:
 + Level 3.0 Fighting
 * Level 4.7 Ranged Weapons
 + Level 1.8 Armour
 - Level 1.7 Dodging
 - Level 0.7 Stealth


You had 4 spell levels left.
You didn't know any spells.
Your spell library contained the following spells:

 Spells                   Type           Power      Damage    Failure   Level
 Anguish                  Hex/Necr       0%         N/A       100%        4
 Cause Fear               Hex            0%         N/A       100%        4
 Enfeeble                 Hex            0%         N/A       100%        7


Dungeon Overview and Level Annotations

Branches:
Dungeon (2/15)

Altars:

Annotations:
D:2 Robin


Innate Abilities, Weirdness & Mutations

You can wield a second weapon in your off-hand.
It takes a long time for you to wield or remove held weapons.
Your first few attacks do less damage.
Your first movements take longer.


Message History

The hobgoblin attacks as it pursues you!
The hobgoblin hits you. The goblin completely misses you.
The hobgoblin completely misses you. The hobgoblin barely misses you.
The goblin hits you but does no damage.
The hobgoblin attacks as it pursues you!
The hobgoblin hits you from afar with a +0 spear.
The goblin no longer looks unusually strong.
Robin throws the goblin at you! The goblin attacks as it pursues you!
The goblin hits you with a +0 club. The goblin hits you but does no damage.
You shoot an arrow. The arrow hits the goblin.
You kill the goblin!
The hobgoblin no longer looks unusually strong.
Robin throws the goblin at you! The goblin misses you.
Your Fighting skill increases to level 3!
Okay, then.
You aren't carrying any potions.
You shoot an arrow. The arrow hits the goblin!
You kill the goblin!
The hobgoblin closely misses you.
The hobgoblin hits you from afar with a +0 spear!
* * * LOW HITPOINT WARNING * * *
The hobgoblin closely misses you.
The hobgoblin hits you but does no damage.
You have reached level 5!
You shoot an arrow. The arrow hits the hobgoblin.
The hobgoblin is lightly wounded.
Robin roars a battlecry!
The goblins go into a battle-frenzy!
The hobgoblin closely misses you. The hobgoblin barely misses you.
You shoot an arrow. The arrow hits the hobgoblin.
You kill the hobgoblin!
The hobgoblin no longer looks unusually strong.
Robin roars a battlecry!
The goblins go into a battle-frenzy!
The hobgoblin closely misses you.
You shoot an arrow. The arrow hits the goblin.
You kill the goblin!
Robin hits you with a +0 dagger.
You die...
Robin calls out, "Let's celebrate!
Time for a feast!"

...gg...................##P..#...
#.......... #...........##...#...
#..........##....††.....######...
#..........#......#.....##.......
#.##..#........)..#.....##.......
#...g.......#.....##.......
#.......)...#.....####+#+#'
.......)#####..............
.......g.)@)...............
........gg###.....#....####
.$............#.#####..###.
..............#.# #..##.P
.............[#.# #..#... ...
................#.. #######
...##...........#.#....# #......
.........###...........# #..####
.S.....................#P##..#.P.


You could see Robin and 2 hobgoblins.

Vanquished Creatures
  Jessica (D:2)
  A ribbon worm (D:2)
  2 dart slugs (D:1)
  4 bats
  3 endoplasms
  A giant cockroach (D:2)
  6 hobgoblins
  4 quokkas
  4 ball pythons
  A frilled lizard (D:1)
  15 goblins
  A kobold (D:1)
  4 rats
47 creatures vanquished.

Notes
Turn   | Place    | Note
-------+----------+-------------------------------------------
     0 | D:1      | 2tousent the Coglin Hunter began the quest for the Orb.
     0 | D:1      | Reached XP level 1. HP: 16/16 MP: 1/1
   172 | D:1      | Reached XP level 2. HP: 22/22 MP: 2/2
   342 | D:1      | Reached skill level 4 in Ranged Weapons
   388 | D:1      | Reached skill level 1 in Armour
   388 | D:1      | Reached XP level 3. HP: 28/28 MP: 3/3
   996 | D:2      | Noticed Jessica
   996 | D:2      | Noticed Robin
  1099 | D:2      | Killed Jessica
  1100 | D:2      | Reached XP level 4. HP: 21/34 MP: 4/4
  1431 | D:2      | Reached XP level 5. HP: 2/41 MP: 5/5
  1433 | D:2      | Slain by Robin

Illustrated notes

Levels and vault maps discovered:
D:1:      minmay_arrival_stair_chambers, layout_basic, minmay_liquid_box
D:2:      layout_basic, serial_aquarium, aquarium_bridge_square
          [aquarium_subvault_wall, aquarium_subvault_wall,
          aquarium_subvault_bridge, aquarium_subvault_bridge],
          aquarium_window_corridor_3, aquarium_window_1, aquarium_view_2f,
          aquarium_balcony_3b, aquarium_pool_S, minmay_crystal_room,
          uniq_jessica, uniq_robin

Skill      XL: |  1  2  3  4 |
---------------+-------------+-----
Ranged Weapons | 4 |  4.7
Armour         | 1 |  1.8
Fighting       | 3 |  3.0
Dodging        | |  1.7
Stealth        | |  0.7

Action                     |  1- 3 |  4- 6 || total
---------------------------+-------+-------++-------
   Fire: Shortbow          |    76 |    53 ||   129
    Use: Scroll            |     3 |       ||     3
 Armour: Leather armour    |     1 |       ||     1
         Ring mail         |     9 |    27 ||    36
  Dodge: Dodged            |    13 |    25 ||    38

Table legend: (Time is in decaauts)
 A = Elapsed time spent in this place.
 B = Non-inter-level travel time spent in this place.
 C = Inter-level travel time spent in this place.
 D = Time resting spent in this place.
 E = Time spent auto-exploring this place.
 F = Levels seen in this place.
 G = Mean time per level.
                   A        B        C        D        E       F      G
               +--------+--------+--------+--------+--------+-----+--------+
         Total |   1536 |   1432 |    104 |      0 |   1119 |   2 |  768.0 |
       Dungeon |   1536 |   1432 |    104 |      0 |   1119 |   2 |  768.0 |
               +--------+--------+--------+--------+--------+-----+--------+

Top non-repeatable levels by time:
     D:1: 1103 daAuts
     D:2: 433 daAuts
